 Dungeon Crawl Stone Soup version 0.32-a0-314-g526f7d4993 (webtiles) character file.

Game seed: 16640581740002884850

87493 Sobieck the Scorcher (level 15, -12/140 HPs)
             Began as an Oni Fire Elementalist on Feb 15, 2024.
             Was a High Priest of Vehumet.
             Mangled by an ettin
             ... wielding the +7 great mace of Jaatakir {speed, rElec rF+}
              (46 damage)
             ... on level 12 of the Dungeon.
             The game lasted 01:18:53 (26250 turns).

Sobieck the Scorcher (Oni Fire Elementalist)       Turns: 26250, Time: 01:18:53

Health: -12/140    AC: 10    Str: 19    XL:     15   Next: 90%
Magic:  37/43      EV: 10    Int: 28    God:    Vehumet [*****.]
Gold:   110        SH:  0    Dex:  7    Spells: 12/44 levels left

rFire   + . .        E - staff "Zayseal" {rPois rF+ Str+3 Dex-2 SInv Fire}
rCold   + + +        Z - orb {*channel}
rNeg    . . .        a - +4 skin of Zhor {*Englaciate rC+++ SInv}
rPois   +            (helmet restricted)
rElec   .            S - +2 cloak
rCorr   .            (gloves unavailable)
SInv    +            (boots unavailable)
Will    +....        i - amulet of magic regeneration
Stlth   ++           W - +6 ring of intelligence
HPRegen 0.43/turn    j - ring of magical power
MPRegen 0.68/turn

%: channel magic (20%)
@: brilliant, very slightly contaminated, studying Staves
A: large, unfitting armour, horns 1, tough skin 1, double potion healing,
drunken brawling
a: Renounce Religion


You were on level 12 of the Dungeon.
You worshipped Vehumet.
Vehumet was extremely pleased with you.
You visited 4 branches of the dungeon, and saw 20 of its levels.
You also visited: Gauntlet and Volcano.

You collected 1601 gold pieces.
You spent 1491 gold pieces at shops.

Inventory:

Missiles
 k - 27 poisoned darts
 t - 5 boomerangs
 v - 11 javelins
 w - 5 large rocks
 x - 3 silver javelins
 F - 3 curare-tipped darts
 J - 9 atropa-tipped darts
Armour
 a - the +4 skin of Zhor (worn) {*Englaciate rC+++ SInv}
   (You found it on level 5 of the Lair of Beasts)

   *Englaciate: It radiates cold, occasionally slowing all nearby creatures who
   are not resistant to cold.
   rC+++:     It renders you almost immune to cold.
   SInv:      It lets you see invisible.
 S - a +2 cloak (worn)
 Z - an orb of energy (worn)
Magical Staves
 B - a staff of earth
 E - the staff "Zayseal" (weapon) {rPois rF+ Str+3 Dex-2 SInv Fire}
   (You bought it in a shop on level 4 of the Dungeon)

   [staff of fire]

   Base accuracy: +5 Base damage: 5 Base attack delay: 1.2 This weapon's minimum
   attack delay (0.6) is reached at skill level 12.
   Str+3:     It affects your strength (+3).
   Dex-2:     It affects your dexterity (-2).
   rF+:       It protects you from fire.
   rPois:     It protects you from poison SInv: It lets you see invisible.
   Fire:      It increases the power of your Fire spells.
   It falls into the 'Staves' category.
   It is a one-handed weapon.
Jewellery
 c - a ring of protection from cold
 g - a ring of resist corrosion
 i - an amulet of magic regeneration (around neck)
 j - a ring of magical power (right hand)
 A - a ring of wizardry
 I - an amulet of faith
 L - the ring of Xom's Indignation {Str+6 SInv}
   (You acquired it on level 5 of the Dungeon)

   [ring of see invisible]

   Str+6:     It affects your strength (+6).
   SInv:      It lets you see invisible.
 U - the ring "Ishe" {Fly Will+ Dex+3}
   (You found it on level 5 of the Lair of Beasts)

   [ring of flight]

   Dex+3:     It affects your dexterity (+3).
   Will+:     It increases your willpower.
   Fly:       It grants you flight.
 W - a +6 ring of intelligence (left hand)
Wands
 y - a wand of mindburst (17)
 C - a wand of acid (15)
 D - a wand of roots (13)
 P - a wand of paralysis (12)
 X - a wand of polymorph (13)
Scrolls
 b - 3 scrolls of blinking
 d - a scroll of silence {!r}
 e - 5 scrolls of noise
 h - 3 scrolls of immolation
 m - 4 scrolls of fog
 o - 8 scrolls of poison
 r - a scroll of revelation
 z - 3 scrolls of enchant armour
 K - a scroll of summoning
 M - a scroll of vulnerability
 R - 3 scrolls of identify
 T - 7 scrolls of teleportation
 Y - a scroll of fear
Potions
 f - a potion of brilliance
 l - a potion of magic
 n - 4 potions of lignification
 p - 3 potions of attraction
 q - a potion of cancellation
 s - 2 potions of mutation
 u - 3 potions of might
 G - 5 potions of heal wounds
 H - 2 potions of haste
 O - a potion of invisibility
 Q - 4 potions of curing
 V - a potion of berserk rage
Miscellaneous
 N - a sack of spiders


   Skills:
 - Level 7.0 Fighting
 - Level 6.0 Dodging
 - Level 4.0 Stealth
 - Level 15.0 Spellcasting
 + Level 10.5 Conjurations
 - Level 2.0 Translocations
 * Level 17.4 Fire Magic
 - Level 5.0 Air Magic


You had 12 spell levels left.
You knew the following spells:

 Your Spells              Type           Power      Damage    Failure   Level
a - Foxfire               Conj/Fire      100%       2x1d9     1%          1
b - Scorch                Fire           100%       2d9       1%          2
c - Flame Wave            Conj/Fire      100%       2d21      1%          4
d - Blink                 Tloc           96%        N/A       7%          2
e - Summon Blazeheart Go  Fire/Summ      100%       N/A       4%          4
g - Irradiate             Conj/Alch      33%        3d22      5%          5
h - Plasma Beam           Fire/Air       56%        2x1d71    3%          6
i - Ignition              Fire           66%        3d18      8%          8

Your spell library contained the following spells:

 Spells                   Type           Power      Damage    Failure   Level
 Fireball                 Conj/Fire      61%        3d23      1%          5
 Kiss of Death            Conj/Necr      100%       2d13      1%          1
 Magic Dart               Conj           100%       1d8       1%          1
 Momentum Strike          Conj/Tloc      100%       3d10      1%          2
 Searing Ray              Conj           100%       2d8       1%          2
 Static Discharge         Conj/Air       100%       3-8/arc   1%          2
 Inner Flame              Hex/Fire       100%       N/A       1%          3
 Stone Arrow              Conj/Erth      100%       3d13      1%          3
 Volatile Blastmotes      Fire/Tloc      100%       2d18      1%          3
 Starburst                Conj/Fire      61%        6d16      1%          6
 Fulminant Prism          Conj/Alch      33%        3d16      2%          4
 Arcjolt                  Conj/Air       38%        1d48      2%          5
 Airstrike                Air            32%        2d(5-21)  3%          4
 Freezing Cloud           Conj/Ice/Air   33%        6-21      5%          5
 Lesser Beckoning         Tloc           96%        N/A       7%          2
 Summon Small Mammal      Summ           100%       N/A       9%          1
 Vhi's Electric Charge    Tloc/Air       100%       N/A       16%         4
 Call Canine Familiar     Summ           31%        N/A       19%         3
 Confusing Touch          Hex            31%        N/A       19%         3
 Sigil of Binding         Hex            31%        N/A       19%         3
 Bombard                  Conj/Erth      33%        9d6       21%         6
 Summon Lightning Spire   Summ/Air       51%        N/A       22%         4
 Dimensional Bullseye     Hex/Tloc       19%        N/A       34%         4
 Animate Armour           Summ/Erth      62%        N/A       45%         4
 Dispel Undead            Necr           31%        3d14      45%         4
 Fire Storm               Conj/Fire      61%        8d15      92%         9
 Summon Cactus Giant      Summ           15%        N/A       99%         6
 Lehudib's Crystal Spear  Conj/Erth      33%        10d8      99%         8
 Chain Lightning          Conj/Air       38%        3d51      100%        9


Dungeon Overview and Level Annotations

Branches:
Dungeon (12/15)            Temple (1/1) D:5            Lair (5/5) D:9
 Shoals (0/4) Lair:3       Spider (0/4) Lair:3        Slime (0/5) Lair:4
    Orc (2/2) D:9             Elf (0/3) Orc:2       Volcano (visited)
Gauntlet (visited)

Altars:
Ashenzari
Cheibriados
Dithmenos
Elyvilon
Fedhas
Gozag
Hepliaklqana
Kikubaaqudgha
Makhleb
Nemelex Xobeh
Okawaru
Qazlal
Ru
Sif Muna
Trog
Uskayaw
Vehumet
Wu Jian
Xom
Yredelemnul
Zin
The Shining One
Beogh
Jiyva

Shops:
D:4 **[:*?   D:5 *   D:7 [   D:8 =   Orc:2 :(:?

Annotations:
D:12 1 transporter, Newt's ghost, journeyman GrFi
Lair:2 2 transporters, Oneirical's ghost, journeyman FeWr
Orc:2 exclusion: upstairs


Innate Abilities, Weirdness & Mutations

You are too large for most types of armour.
You have a pair of small horns on your head.
You have tough skin. (AC +1)
You gain doubled healing and magic from potions.
Whenever you drink a healing potion, you attack all around you.


Message History

Casting: Ignition (dangerous; 9% risk of failure)
Confirm with . or Enter, or press ? or * to list all spells.
You feel a strong surge of power!
The air bursts into flame!
The fireball engulfs the ettin.
The ettin resists.
The ettin is lightly wounded.
The fireball engulfs Newt's ghost.
Newt's ghost resists.
Newt's ghost is lightly damaged.
The fireball engulfs the two-headed ogre!
The two-headed ogre is almost dead.
The fireball engulfs the two-headed ogre!
You kill the two-headed ogre!
Vehumet accepts your kill.
You feel your power returning.
The fireball engulfs Newt's ghost.
Newt's ghost resists.
Newt's ghost is lightly damaged.
The fireball engulfs the ettin!!
The ettin resists.
The ettin is moderately wounded.
The fireball engulfs the ettin!
The ettin resists.
The ettin is severely wounded.
The fireball engulfs Newt's ghost.
Newt's ghost resists.
Newt's ghost is lightly damaged.
You feel a strong surge of power!
The bolt of lightning hits the ettin!
The ettin resists.
The ettin is severely wounded.
The bolt of lightning hits Newt's ghost!!
Newt's ghost resists.
Newt's ghost is heavily damaged.
The fiery plasma hits the ettin.
The ettin completely resists.
The ettin is severely wounded.
The fiery plasma hits Newt's ghost.
Newt's ghost resists.
Newt's ghost is heavily damaged.
The ettin hits you with the +7 great mace of Jaatakir {speed, rElec rF+}!!
The ettin hits you with a +4 great mace!!
* * * LOW HITPOINT WARNING * * *
You feel a strong surge of power!
The bolt of lightning hits the ettin but does no damage.
The ettin is severely wounded.
The bolt of lightning hits Newt's ghost!
Newt's ghost resists.
Newt's ghost is heavily damaged.
The fiery plasma hits the ettin!
The ettin resists.
The ettin is almost dead.
The fiery plasma hits Newt's ghost!
Newt's ghost resists.
Newt's ghost is severely damaged.
The ettin hits you with the +7 great mace of Jaatakir {speed, rElec rF+}!!!
* * * LOW HITPOINT WARNING * * *
The ettin hits you with a +4 great mace!
* * * LOW HITPOINT WARNING * * *
The ettin hits you with the +7 great mace of Jaatakir {speed, rElec rF+}!!!
You die...

##### ########..# ###########
#.....©#..# #.........#
#.#..#.#..# #.........#
#..##..#..# ###......†..#
#..##..#..### #
..#.........####.#..#(#©...####..
#.#.^..........#@CW.)?#..?.......
#........<..####.#.)#)#©.....##..
###.........# #..##)$#....>.....
#.........# #.?##..#.......###
#.........####.#..#.#......##
###......).....#......#......#
.########.#############......# .#
#..# ..........># .## ##.# #.
###..#.....# .


You could see an ettin and Newt's ghost.

Vanquished Creatures
  An orc warlord (D:8)
  6 dire elephants (Lair:5)
  Snorg (Orc:2)
  Josephine (D:11)
  2 hydras
  An ogre mage (Orc:2)
  A boulder beetle (D:12)
  7 two-headed ogres
  14 death yaks
  Sonja (Lair:3)
  2 deep elf knights (D:11)
  2 skysharks
  A fire crab (Lair:5)
  A spectral death yak (Lair:5)
  The ghost of Sirjeffry24 the Messiah, a novice DsMo of Beogh (D:6)
  A spectral anaconda (Lair:5)
  An obsidian statue (Lair:5)
  2 lindwurms
  2 deep elf pyromancers (D:8)
  4 necromancers (Lair:5)
  10 orc sorcerers
  3 manticores
  20 elephants
  Maurice (D:11)
  2 black mambas
  3 kobold blastminers
  3 gargoyles
  7 kobold demonologists
  11 rime drakes
  3 torpor snails
  19 cane toads
  An unseen horror (D:12)
  5 komodo dragons
  2 trolls
  3 polar bears
  2 hornets
  12 blink frogs
  19 dream sheep
  2 shadows (D:11)
  5 slime creatures (D:12)
  42 yaks
  A culicivora (Lair:3)
  7 wraiths
  2 vampires
  6 wyverns
  A spriggan (Lair:2)
  4 basilisks
  5 vampire mosquitoes (Lair:4)
  A death yak simulacrum (Lair:5)
  3 wargs
  Menkaure (D:5)
  A steam dragon (D:8)
  3 spectral cane toads (Lair:5)
  3 acid dragons
  20 water moccasins
  An elephant zombie (Lair:5)
  A sky beast (D:7)
  4 black bears
  14 orc warriors
  3 ice beasts
  14 ogres
  An elephant skeleton (Lair:5)
  9 wolves
  5 centaurs
  A phantom (D:4)
  9 bullfrogs
  3 kobold brigands
  A gnoll sergeant (D:11)
  3 scorpions
  2 cane toad simulacra (Lair:5)
  4 wights (D:7)
  10 killer bees
  A howler monkey (D:8)
  An electric eel (Lair:4)
  A bombardier beetle (D:3)
  14 orc priests
  6 hounds
  3 jellies
  A gnoll bouda (D:10)
  Jessica (D:3)
  2 sleepcaps
  2 iguanas
  41 orc wizards
  Robin (D:3)
  10 gnolls
  8 adders
  2 shadow imps
  3 white imps
  3 ufetubi
  2 ribbon worms (D:2)
  53 orcs
  7 bats
  8 endoplasms
  4 giant cockroaches
  20 goblins
  6 hobgoblins
  7 jackals
  A quokka (D:3)
  A ball python (D:3)
  6 frilled lizards
  22 kobolds
  7 rats
614 creatures vanquished.

Vanquished Creatures (collateral kills)
  A cane toad (Lair:1)
  An ogre (Orc:2)
  An orc wizard (Orc:2)
  35 foxfires
38 creatures vanquished.

Vanquished Creatures (others)
  An orc (Orc:1)
  7 blazeheart cores
  1571 foxfires
1579 creatures vanquished.

Grand Total: 2231 creatures vanquished

Notes
Turn   | Place    | Note
-------+----------+-------------------------------------------
     0 | D:1      | Sobieck the Oni Fire Elementalist began the quest for the
                  | Orb.
     0 | D:1      | Reached XP level 1. HP: 16/16 MP: 3/3
   123 | D:1      | Reached skill level 1 in Conjurations
   176 | D:1      | Reached XP level 2. HP: 26/26 MP: 3/5
   179 | D:1      | Learned a level 2 spell: Scorch
   298 | D:1      | Reached skill level 1 in Fighting
   318 | D:1      | Reached skill level 3 in Fire Magic
   508 | D:1      | Reached XP level 3. HP: 33/33 MP: 1/6
  1501 | D:2      | Reached XP level 4. HP: 41/41 MP: 4/8
  2423 | D:3      | Found a shimmering blue altar of Sif Muna.
  2432 | D:3      | Reached skill level 3 in Spellcasting
  2751 | D:3      | Reached XP level 5. HP: 49/49 MP: 5/9
  2868 | D:3      | Noticed Robin
  3083 | D:3      | Killed Robin
  3576 | D:3      | Noticed Jessica
  3582 | D:3      | Killed Jessica
  3869 | D:3      | Reached XP level 6. HP: 59/59 MP: 10/10
  4237 | D:4      | Reached skill level 3 in Fighting
  4237 | D:4      | Reached skill level 4 in Fire Magic
  4416 | D:4      | Identified the +2 sling "Gappoiqo" {drain, rF- rCorr Dex+4}
  4432 | D:4      | Found Nar Gerch's Armour Shop.
  4484 | D:4      | Found Jocrozur's Fire Supplies.
  4589 | D:4      | Found Womyov's Book Emporium.
  4677 | D:4      | Found Bewnyumo's Magic Scroll Emporium.
  4691 | D:4      | Bought a scroll of identify for 22 gold pieces
  4736 | D:4      | Found Fikalofa's General Store.
  4740 | D:4      | Bought a potion of heal wounds for 55 gold pieces
  4740 | D:4      | Bought a potion of curing for 33 gold pieces
  4740 | D:4      | Bought a scroll of identify for 22 gold pieces
  4832 | D:4      | Found Kaivvin's General Store.
  4892 | D:5      | Entered Level 5 of the Dungeon
  4966 | D:5      | Found a staircase to the Ecumenical Temple.
  4971 | D:5      | Noticed a black bear
  4977 | D:5      | Killed a black bear
  4978 | D:5      | Reached skill level 3 in Dodging
  4978 | D:5      | Reached XP level 7. HP: 67/67 MP: 12/12
  4981 | Temple   | Entered the Ecumenical Temple
  5046 | Temple   | Became a worshipper of Vehumet
  5164 | D:5      | Noticed Menkaure
  5170 | D:5      | Killed Menkaure
  5279 | D:5      | Identified the +9 spear of Rotten Tortfeasance {drain,
                  | rElec Str+3 Int+4}
  5290 | D:5      | Found a stormy altar of Qazlal.
  5665 | D:5      | Reached skill level 3 in Stealth
  5751 | D:5      | Reached skill level 5 in Fire Magic
  5751 | D:5      | Reached XP level 8. HP: 78/78 MP: 14/14
  5777 | D:5      | Found Enaphama's CLEARANCE SALE!.
  5785 | D:5      | Bought a scroll of identify for 12 gold pieces
  5858 | D:5      | Reached skill level 3 in Conjurations
  6443 | D:6      | Noticed a yak
  6458 | D:6      | Killed a yak
  6636 | D:6      | You fall into a shaft and drop 2 floors!
  6642 | D:8      | Reached * piety under Vehumet
  6642 | D:8      | Offered knowledge of Sting by Vehumet.
  6867 | D:6      | Reached skill level 6 in Fire Magic
  6867 | D:6      | Reached XP level 9. HP: 88/88 MP: 16/16
  7043 | D:6      | Identified the +8 sling of Pergheari {speed, rElec Str+2
                  | Int-3 Dex+3}
  7101 | D:6      | Identified 2 scrolls of acquirement
  7122 | D:5      | Acquired the ring of Xom's Indignation {Str+6 SInv}
  7126 | D:5      | Acquired the Spellbook of Outbursts
  7207 | D:6      | Learned a level 4 spell: Flame Wave
  7210 | D:6      | Learned a level 2 spell: Blink
  7396 | D:6      | Found a runed translucent gate.
  7396 | D:6      | Found a runed translucent gate.
  7396 | D:6      | Found a runed translucent gate.
  7397 | D:6      | Noticed Sirjeffry24's ghost (novice DsMo)
  7509 | D:6      | Reached ** piety under Vehumet
  7553 | D:6      | Offered knowledge of Freeze by Vehumet.
  7912 | D:7      | Reached skill level 6 in Fighting
  8011 | D:7      | Found Fohu's Armour Shop.
  8308 | D:7      | Reached skill level 7 in Fire Magic
  8627 | D:7      | Reached skill level 6 in Spellcasting
  8912 | D:8      | Found a sparkling altar of Nemelex Xobeh.
  8936 | D:8      | Reached XP level 10. HP: 100/100 MP: 19/19
  9087 | D:8      | Found a white marble altar of Elyvilon.
  9118 | D:8      | Found an ancient bone altar of Kikubaaqudgha.
  9288 | D:8      | Found Hurileer's Jewellery Emporium.
  9338 | D:8      | Offered knowledge of Searing Ray by Vehumet.
 10153 | D:8      | Noticed a deep elf pyromancer
 10153 | D:8      | Noticed a deep elf pyromancer
 10409 | D:9      | Reached skill level 8 in Fire Magic
 10420 | D:8      | Reached skill level 6 in Dodging
 10760 | D:9      | Found a staircase to the Lair.
 11073 | D:9      | Reached *** piety under Vehumet
 11421 | D:9      | Found a staircase to the Orcish Mines.
 11770 | D:4      | Bought the staff "Zayseal" {rPois rF+ Str+3 Dex-2 SInv
                  | Fire} for 425 gold pieces
 11878 | Orc:1    | Entered Level 1 of the Orcish Mines
 11878 | Orc:1    | Noticed an orc warlord
 11878 | Orc:1    | Noticed an orc sorcerer
 12146 | D:9      | Learned a level 4 spell: Summon Blazeheart Golem
 12262 | D:8      | Killed an orc warlord
 12263 | D:8      | Reached skill level 9 in Fire Magic
 12681 | D:9      | Killed an orc sorcerer
 12682 | D:9      | Reached skill level 6 in Conjurations
 12682 | D:9      | Reached XP level 11. HP: 109/109 MP: 21/23
 12976 | Orc:2    | Entered Level 2 of the Orcish Mines
 12983 | Orc:2    | Offered knowledge of Mephitic Cloud by Vehumet.
 13515 | Orc:2    | Found a staircase to the Elven Halls.
 13566 | Orc:2    | Found a dark tunnel.
 13591 | Volcano  | Entered a volcano
 13613 | Orc:2    | Found a bloodstained altar of Trog.
 13921 | Orc:2    | Learned a level 6 spell: Starburst
 13956 | Orc:2    | Reached **** piety under Vehumet
 14062 | Orc:2    | Noticed an orc sorcerer
 14067 | Orc:2    | Noticed an orc sorcerer
 14068 | Orc:2    | Killed an orc sorcerer
 14069 | Orc:2    | Reached skill level 10 in Fire Magic
 14076 | Orc:2    | Noticed an orc sorcerer
 14078 | Orc:2    | Killed an orc sorcerer
 14089 | Orc:2    | Noticed a sun demon
 14259 | Orc:2    | Paralysed by an orc sorcerer for 3 turns
 14264 | Orc:2    | Killed an orc sorcerer
 14314 | Orc:2    | Offered knowledge of Airstrike by Vehumet.
 14448 | Orc:2    | Reached skill level 9 in Spellcasting
 14543 | Orc:2    | Noticed an orc sorcerer
 14563 | Orc:2    | Noticed a soul eater
 14566 | Orc:2    | Paralysed by an orc sorcerer for 4 turns
 14570 | Orc:2    | Killed an orc sorcerer
 14619 | Orc:2    | Found Miowk's Book Emporium.
 14646 | Orc:2    | Found a radiant altar of Vehumet.
 14648 | Orc:2    | Noticed an ogre mage
 14656 | Orc:2    | Noticed an orc sorcerer
 14657 | Orc:2    | Killed an ogre mage
 14665 | Orc:2    | Noticed a soul eater
 14698 | Orc:2    | Paralysed by an orc sorcerer for 5 turns
 14705 | Orc:2    | Killed an orc sorcerer
 14706 | Orc:2    | Reached skill level 1 in Translocations
 14866 | Orc:2    | Noticed an orc sorcerer
 14875 | Orc:2    | Killed an orc sorcerer
 14911 | Orc:2    | Found an ancient bone altar of Kikubaaqudgha.
 14915 | Orc:2    | Found Errem's Book Shoppe.
 14954 | Orc:2    | Noticed an orc sorcerer
 14954 | Orc:2    | Noticed an orc sorcerer
 14961 | Orc:2    | Noticed a sixfirhy
 15009 | Orc:2    | Killed an orc sorcerer
 15069 | Orc:2    | Noticed Snorg
 15079 | Orc:2    | Killed an orc sorcerer
 15079 | Orc:2    | Killed Snorg
 15080 | Orc:2    | Reached skill level 11 in Fire Magic
 15080 | Orc:2    | Reached XP level 12. HP: 96/118 MP: 22/25
 15348 | Orc:2    | Found a roughly hewn altar of Beogh.
 15348 | Orc:2    | Found Umakaxzi's Magic Scroll Emporium.
 15363 | Orc:2    | Found Gyxuck's Antique Weapon Shoppe.
 15605 | Orc:1    | Reached ***** piety under Vehumet
 15693 | Orc:1    | Offered knowledge of Eringya's Noxious Bog by Vehumet.
 16242 | D:8      | Bought an amulet of magic regeneration for 390 gold pieces
 16279 | Lair:1   | Entered Level 1 of the Lair of Beasts
 16379 | Lair:1   | Identified the +6 long sword of Piwneixa {pain, Int+4
                  | Dex-2}
 16408 | Lair:1   | Reached skill level 12 in Fire Magic
 17486 | Lair:2   | Reached XP level 13. HP: 110/124 MP: 24/28
 17702 | Lair:2   | Reached skill level 9 in Conjurations
 17702 | Lair:2   | Reached skill level 13 in Fire Magic
 17840 | Lair:2   | Identified the +6 chain mail "Uraesm" {Rampage rN+}
 17882 | Lair:2   | Found a transporter.
 17887 | Lair:2   | Noticed Oneirical's ghost (journeyman FeWr)
 17948 | Lair:2   | Found a transporter.
 18466 | Lair:3   | Reached skill level 12 in Spellcasting
 18713 | Lair:3   | Offered knowledge of Irradiate by Vehumet.
 18722 | Lair:3   | Learned a level 5 spell: Irradiate
 18792 | Lair:3   | Noticed Sonja
 18814 | Lair:3   | Killed Sonja
 18933 | Lair:3   | Found a staircase to the Shoals.
 19164 | Lair:3   | Reached XP level 14. HP: 126/133 MP: 26/31
 19430 | Lair:3   | Found a hole to the Spider Nest.
 19678 | Lair:4   | Reached skill level 14 in Fire Magic
 19854 | Lair:4   | Found a viscous altar of Jiyva.
 19855 | Lair:4   | Found a staircase to the Slime Pits.
 20546 | Lair:5   | Entered Level 5 of the Lair of Beasts
 21131 | Lair:5   | Reached skill level 15 in Spellcasting
 21131 | Lair:5   | Reached skill level 15 in Fire Magic
 21339 | Lair:5   | Identified the ring "Ishe" {Fly Will+ Dex+3}
 21506 | Lair:5   | Found the +4 skin of Zhor {*Englaciate rC+++ SInv}
 21781 | Lair:5   | Learned a level 6 spell: Plasma Beam
 22110 | Lair:5   | Noticed a dire elephant
 22110 | Lair:5   | Noticed a dire elephant
 22117 | Lair:5   | Noticed a dire elephant
 22119 | Lair:5   | Noticed a dire elephant
 22122 | Lair:5   | Reached skill level 1 in Air Magic
 22132 | Lair:5   | Reached XP level 15. HP: 132/140 MP: 8/34
 22210 | Lair:5   | Offered knowledge of Lee's Rapid Deconstruction by Vehumet.
 22231 | Lair:5   | Reached skill level 3 in Air Magic
 22594 | Lair:5   | Reached skill level 16 in Fire Magic
 23140 | D:10     | Entered Level 10 of the Dungeon
 24013 | D:11     | Noticed Maurice
 24015 | D:11     | Killed Maurice
 24107 | D:11     | Found a transporter.
 24113 | D:11     | Found a transporter.
 24289 | D:11     | Noticed Josephine
 24291 | D:11     | Reached ****** piety under Vehumet
 24292 | D:11     | Offered knowledge of Fireball by Vehumet.
 24292 | D:11     | Killed Josephine
 24347 | D:11     | Found a gate leading to a gauntlet.
 24356 | Gauntlet | Entered a Gauntlet
 24356 | Gauntlet | Found a transporter.
 24364 | Gauntlet | Found a transporter.
 24366 | Gauntlet | Found a transporter.
 24388 | Gauntlet | Found a transporter.
 24402 | Gauntlet | Found a transporter.
 24404 | Gauntlet | Found a transporter.
 24413 | Gauntlet | Found a transporter.
 24429 | Gauntlet | Found a transporter.
 24438 | Gauntlet | Found a runed translucent gate.
 24439 | Gauntlet | Found a transporter.
 24439 | Gauntlet | Found a runed translucent gate.
 24440 | Gauntlet | Found a runed translucent gate.
 24449 | Gauntlet | Found a transporter.
 24453 | Gauntlet | Found a transporter.
 24453 | Gauntlet | Found a transporter.
 24455 | Gauntlet | Found a transporter.
 25160 | D:11     | Reached skill level 17 in Fire Magic
 25414 | D:4      | Bought a book of Spontaneous Combustion for 532 gold pieces
 25423 | D:4      | Learned a level 8 spell: Ignition
 25502 | D:6      | Killed Sirjeffry24's ghost
 26228 | D:12     | Found a transporter.
 26229 | D:12     | Noticed Newt's ghost (journeyman GrFi)
 26230 | D:12     | Identified the +7 great mace of Jaatakir {speed, rElec rF+}
 26236 | D:12     | Found a transporter.
 26250 | D:12     | Mangled by an ettin

Illustrated notes

Levels and vault maps discovered:
D:1:      dpeg_arrival_rooms_with_view, layout_loops_corners, minmay_ruptured
D:2:      layout_basic
D:3:      minmay_razor_zed, layout_basic,
          mainiacjoe_overflow_concentric_impassable,
          wander_ebering_terrifying_dragon_lair, uniq_robin, uniq_jessica
D:4:      layout_rooms, serial_shops, shop, kennysheep_mini_moat,
          nicolae_shop_back_alley_shop, nicolae_shop_waterfront,
          nicolae_square_shop, nicolae_shop_fire_sale [nicolae_sub_dead_trees]
D:5:      layout_gridville, lemuel_crystal_altar, minmay_temple_entry_tees,
          nicolae_shop_clearance, uniq_menkaure
D:6:      hangedman_cross_stitches, layout_loops_ring, gammafunk_ghost_split,
          minmay_misc_feat_roman, minmay_misc_feat_more_columns
D:7:      kennysheep_spiral_hall, layout_loops_ring, serial_shops, shop,
          enter_bailey_3
D:8:      layout_loops_corners, nemelex_xobeh_ov_fountains_minmay,
          mainiacjoe_overflow_catch_the_wave, serial_shops, shop,
          serial_library, serial_library_regret_index_split_case,
          serial_library_hellmonk_layered_room,
          serial_library_hellmonk_open_cross, serial_library_hellmonk_room_a,
          serial_library_hellmonk_secret_room,
          serial_library_regret_index_double_sided,
          serial_library_regret_index_small_wings,
          serial_library_hellmonk_octagon
D:9:      layout_stronghold, lair_entry_dummy, orc_0_dummy
D:10:     layout_basic
D:11:     gammafunk_wand_slinger, layout_irregular_city, gauntlet_entry_generic,
          uniq_josephine, uniq_maurice
D:12:     layout_rooms, gammafunk_ghost_smash
Temple:   minmay_crystal_spiral_temple
Lair:1:   layout_layer_cave
Lair:2:   layout_regular_city, gammafunk_ghost_arena,
          grunt_forest_large_clearing_hut, grunt_megastairs_3
Lair:3:   wad_woods_04, layout_chaotic_city, minmay_shoals_entry_beasts,
          hellmonk_spider_entry_life_and_decay, lemuel_fruit_tree, uniq_sonja
Lair:4:   layout_roguey, slime_entry_2, roderic_carrion_pond,
          serial_bayou_shore_a
Lair:5:   due_jungle_book, layout_layer_cave, hellmonk_guarded_unrand_zhor
Orc:1:    layout_diamond_mine, nicolae_orc_stalacmites
Orc:2:    kennysheep_orc_mage_school, layout_diamond_mine, basic_altar,
          enter_volcano_1, uniq_snorg

Skill      XL: |  1  2  3  4  5  6  7  8  9 10 11 12 13 14 15 |
---------------+----------------------------------------------+-----
Conjurations   | 1 2 3 4 6 7 8 10 | 10.5
Fighting       | 1 2 3 4 5 6 7 |  7.0
Fire Magic     | 3 4 5 6 7 9 11 12 13 15 17 | 17.4
Dodging        | 2 3 4 5 6 |  6.0
Spellcasting   | 3 4 5 6 8 9 11 13 15 | 15.0
Stealth        | 2 3 4 |  4.0
Translocations | 2 |  2.0
Air Magic      | 2 5 |  5.0

Action                     |  1- 3 |  4- 6 |  7- 9 | 10-12 | 13-15 || total
---------------------------+-------+-------+-------+-------+-------++-------
  Melee: Unarmed           |     2 |       |       |       |       ||     2
         Dagger            |       |    29 |       |       |       ||    29
         Headbutt          |       |     6 |     4 |       |     3 ||    13
         Spear             |       |       |    28 |     1 |       ||    29
         Staff             |       |       |       |     1 |     2 ||     3
   Cast: Foxfire           |    59 |   144 |   261 |   448 |   312 ||  1224
         Scorch            |       |     1 |    18 |    69 |    32 ||   120
         Flame Wave        |       |       |       |    10 |       ||    10
         Summon Blazeheart |       |       |       |    10 |       ||    10
         Blink             |       |       |       |     3 |     1 ||     4
         Starburst         |       |       |       |    34 |   111 ||   145
         Irradiate         |       |       |       |       |    21 ||    21
         Plasma Beam       |       |       |       |       |   166 ||   166
         Ignition          |       |       |       |       |     4 ||     4
  Evoke: Wand              |       |       |     1 |       |       ||     1
    Use: Scroll            |       |    12 |    13 |     3 |     4 ||    32
         Potion            |       |       |       |     1 |     6 ||     7
 Armour: Robe              |    12 |    39 |    72 |    71 |       ||   194
         Troll leather arm |       |       |       |    64 |   115 ||   179
         Animal skin       |       |       |       |       |    58 ||    58
  Dodge: Dodged            |     6 |    25 |    36 |    81 |    72 ||   220

Table legend: (Time is in decaauts)
 A = Elapsed time spent in this place.
 B = Non-inter-level travel time spent in this place.
 C = Inter-level travel time spent in this place.
 D = Time resting spent in this place.
 E = Time spent auto-exploring this place.
 F = Levels seen in this place.
 G = Mean time per level.
                   A        B        C        D        E       F      G
               +--------+--------+--------+--------+--------+-----+--------+
         Total |  26273 |  24486 |   1787 |   5276 |  14241 |  22 | 1194.2 |
       Dungeon |  15826 |  14646 |   1180 |   2852 |   9510 |  12 | 1318.8 |
        Temple |    130 |      1 |    129 |      0 |      0 |   1 |  130.0 |
          Lair |   6843 |   6505 |    338 |   1125 |   3835 |   5 | 1368.6 |
  Orcish Mines |   3292 |   3154 |    138 |   1299 |    896 |   2 | 1646.0 |
       Volcano |      3 |      3 |      0 |      0 |      0 |   1 |    3.0 |
      Gauntlet |    176 |    176 |      0 |      0 |      0 |   1 |  176.0 |
               +--------+--------+--------+--------+--------+-----+--------+

Top non-repeatable levels by time:
   Orc:2: 2470 daAuts
  Lair:5: 2420 daAuts
     D:9: 2206 daAuts
     D:8: 2075 daAuts
     D:3: 1825 daAuts
     D:5: 1577 daAuts
     D:1: 1488 daAuts
    D:11: 1339 daAuts
     D:6: 1329 daAuts
  Lair:3: 1250 daAuts
     D:7: 1172 daAuts
  Lair:1: 1166 daAuts
  Lair:2: 1043 daAuts
  Lair:4: 962 daAuts
     D:2: 912 daAuts
